 Dungeon Crawl Stone Soup version 0.31-a0-986-g5e6e4ef867 (webtiles) character file.

Game seed: 8198116584172006852

230 Dittersdorf the Shield-Bearer (level 6, -1/48 HPs)
             Began as a Human Fighter on Nov 9, 2023.
             Slain by Pikel
             ... wielding a +2 whip of flaming
              (2 damage)
             ... on level 3 of the Dungeon.
             The game lasted 00:02:42 (2404 turns).

Dittersdorf the Shield-Bearer (Human Fighter)       Turns: 2404, Time: 00:02:43

Health: -1/48      AC:  8    Str: 18    XL:     6   Next: 24%
Magic:  6/6        EV:  9    Int:  8    God:
Gold:   64         SH:  5    Dex: 13    Spells: 5/5 levels left

rFire   . . .        a - +0 long sword
rCold   . . .        c - +0 buckler
rNeg    . . .        b - +0 scale mail
rPois   .            (no helmet)
rElec   .            e - +0 cloak
rCorr   .            (no gloves)
SInv    +            (no boots)
Will    .....        (no amulet) Stlth
                     h - ring of see invisible
HPRegen 0.28/turn    (no ring)
MPRegen 0.10/turn

%: no passive effects
@: no status effects
A: no striking features
a: no special abilities


You were on level 3 of the Dungeon.
You visited 1 branch of the dungeon, and saw 4 of its levels.

You collected 64 gold pieces.

Inventory:

Hand Weapons
 a - a +0 long sword (weapon)
Armour
 b - a +0 scale mail (worn)
 c - a +0 buckler (worn)
 e - a +0 cloak (worn)
Jewellery
 h - a ring of see invisible (left hand)
Scrolls
 g - a scroll of teleportation {unknown}
 i - a scroll of noise {unknown}
 k - a scroll of fog {unknown}
 l - 4 scrolls of identify {unknown}
 o - a scroll of fear {unknown}
Potions
 d - a potion of might
 f - a potion of resistance {unknown}
 j - 2 potions of haste {unknown}
 m - a potion of curing {unknown}
 n - a potion of invisibility {unknown}


   Skills:
 + Level 4.1 Fighting
 + Level 3.4 Long Blades
 + Level 4.1 Armour
 + Level 4.1 Shields


You had 5 spell levels left.
You didn't know any spells.
Your spell library contained the following spells:

 Spells                   Type           Power      Damage    Failure   Level
 Necrotise                Necr           0%         1d4       86%         1
 Ensorcelled Hibernation  Hex/Ice        0%         N/A       94%         2
 Jinxbite                 Hex            0%         N/A       94%         2
 Vampiric Draining        Necr           0%         2d6       99%         3
 Anguish                  Hex/Necr       0%         N/A       100%        4
 Agony                    Necr           0%         N/A       100%        5


Dungeon Overview and Level Annotations

Branches:
Dungeon (4/15)             Temple (0/1) D:4

Altars:
Hepliaklqana
Wu Jian

Shops:
D:1 !

Annotations:
D:3 Pikel


Message History

Pikel burns you.
You closely miss Pikel.
Pikel is heavily wounded.
Pikel hits you with a +2 whip of flaming.
Pikel burns you.
You are too injured to fight recklessly!
You are too injured to fight recklessly!
You are too injured to fight recklessly!
You are too injured to fight recklessly!
You are too injured to fight recklessly!
You are too injured to fight recklessly!
You are too injured to fight recklessly!
You are too injured to fight recklessly!
You are too injured to fight recklessly!
You are too injured to fight recklessly!
You are too injured to fight recklessly!
You are too injured to fight recklessly!
You are too injured to fight recklessly!
You are too injured to fight recklessly!
You are too injured to fight recklessly!
You hit Pikel but do no damage.
Pikel is heavily wounded.
Pikel hits you with a +2 whip of flaming.
Pikel burns you.
You hit Pikel.
Pikel is heavily wounded.
Pikel hits you with a +2 whip of flaming!
* * * LOW HITPOINT WARNING * * *
Pikel burns you.
* * * LOW HITPOINT WARNING * * *
You hit Pikel.
Pikel is heavily wounded.
Pikel hits you but does no damage.
You hit Pikel.
Pikel is heavily wounded.
Pikel hits you with a +2 whip of flaming.
* * * LOW HITPOINT WARNING * * *
Pikel burns you.
You die...
Pikel says, "See you in Hell!"

#.# #.##.##.# ##...## #.## #.####
#.##.##.####.....####... .....#
#.##.##.##...###.##...## #.##.#
#.......##.#.# #........
..##.########.#####.#.###.##...#.
####.....................)[......
##########....##..#.##........
#.##K##........##..#.
#.##@†.....##..##.###
#.#####..##........#.
#.....#..##.#..##....
#..............##....
#####.##.............
#####.##.......#####.
#.....##....)..# #.
#.######.......# #. #.#
#.......#####.


You could see Pikel.

Vanquished Creatures
  3 lemures (D:3)
  A scorpion (D:3)
  A hound (D:3)
  An orc wizard (D:3)
  4 adders
  2 ufetubi (D:3)
  3 dart slugs
  3 orcs (D:3)
  5 bats
  10 endoplasms
  3 giant cockroaches
  5 hobgoblins
  2 jackals (D:1)
  3 quokkas (D:2)
  5 ball pythons
  2 frilled lizards
  5 goblins
  4 kobolds
  5 rats
67 creatures vanquished.

Notes
Turn   | Place    | Note
-------+----------+-------------------------------------------
     0 | D:1      | Dittersdorf the Human Fighter began the quest for the Orb.
     0 | D:1      | Reached XP level 1. HP: 18/18 MP: 1/1
    79 | D:1      | Found Sirhoxot's Distillery.
   185 | D:1      | Reached XP level 2. HP: 21/24 MP: 2/2
   414 | D:1      | Reached XP level 3. HP: 29/29 MP: 3/3
   750 | D:2      | Found a faded altar of an unknown god.
   986 | D:2      | Reached XP level 4. HP: 35/35 MP: 4/4
  1104 | D:2      | Found a hazy altar of Hepliaklqana.
  1389 | D:3      | Found an ornate altar of the Wu Jian Council.
  1413 | D:3      | Reached XP level 5. HP: 34/42 MP: 5/5
  2124 | D:4      | Noticed a lemure
  2124 | D:4      | Noticed a lemure
  2125 | D:4      | Found a staircase to the Ecumenical Temple.
  2125 | D:4      | Noticed Pikel
  2147 | D:3      | Killed a lemure
  2192 | D:3      | Killed a lemure
  2267 | D:3      | Reached XP level 6. HP: 48/48 MP: 6/6
  2404 | D:3      | HP: 1/48 [Pikel/+2 whip of flaming (4)]
  2404 | D:3      | Slain by Pikel

Illustrated notes

Levels and vault maps discovered:
D:1:      lemuel_arrival_room, layout_basic, serial_shops,
          nicolae_shop_waterfront
D:2:      layout_rooms, nicolae_ecumenical_oubliette, basic_altar
D:3:      layout_loops_cross, lemuel_crystal_altar, nicolae_figureground_sparkle
D:4:      layout_basic, minmay_temple_entry_drinking_statues,
          kennysheep_cluttered_room, kennysheep_generic_room_8, uniq_edmund,
          uniq_pikel, uniq_natasha

Skill      XL: |  1  2  3  4  5 |
---------------+----------------+-----
Long Blades    | 3 |  3.4
Shields        | 4 |  4.1
Fighting       | 4 |  4.1
Armour         | 4 |  4.1

Action                     |  1- 3 |  4- 6 || total
---------------------------+-------+-------++-------
  Melee: Long sword        |   102 |   176 ||   278
 Armour: Scale mail        |    81 |   122 ||   203
  Dodge: Dodged            |    56 |    94 ||   150
  Block: Buckler           |    31 |    47 ||    78

Table legend: (Time is in decaauts)
 A = Elapsed time spent in this place.
 B = Non-inter-level travel time spent in this place.
 C = Inter-level travel time spent in this place.
 D = Time resting spent in this place.
 E = Time spent auto-exploring this place.
 F = Levels seen in this place.
 G = Mean time per level.
                   A        B        C        D        E       F      G
               +--------+--------+--------+--------+--------+-----+--------+
         Total |   2492 |   2339 |    153 |    184 |   1503 |   4 |  623.0 |
       Dungeon |   2492 |   2339 |    153 |    184 |   1503 |   4 |  623.0 |
               +--------+--------+--------+--------+--------+-----+--------+

Top non-repeatable levels by time:
     D:3: 1007 daAuts
     D:1: 846 daAuts
     D:2: 563 daAuts
     D:4: 74 daAuts
